 Dungeon Crawl Stone Soup version 0.29-a0-892-g2c4c91d9db (webtiles) character file.

Game seed: 2971322203012351678

10146 CannotBeFrozen the Cleaver (level 11, -9/101 HPs)
             Began as a Demigod Fighter on July 22, 2022.
             Mangled by a fire elemental (11 damage)
             ... on level 1 of the Lair of Beasts.
             The game lasted 00:33:58 (17379 turns).

CannotBeFrozen the Cleaver (Demigod Fighter)       Turns: 17379, Time: 00:33:58

Health: -9/101     AC: 15    Str: 29    XL:     11   Next: 11%
Magic:  14/14      EV:  9    Int: 10    God:
Gold:   658        SH:  8    Dex: 13    Spells: 10/10 levels left

rFire   . . .      SeeInvis +   a - +0 war axe
rCold   . . .      Faith    .   H - +0 kite shield
rNeg    . . .      Spirit   .   d - +1 acid dragon scales
rPois   .          Reflect  .   x - +0 helmet
rElec   .          Harm     .   (no cloak)
rCorr   +          Rampage  .   s - +0 pair of gloves
Will    +....                   k - +0 pair of boots
Stlth   ++........              E - amulet of magic regeneration
HPRegen 0.26/turn               r - ring "Naera" {SInv Stlth+}
MPRegen 0.54/turn               u - +4 ring of protection

@: attractive, hasted, studying Stealth, very quick
A: high MP 1, forlorn, divine attributes
a: no special abilities


You were on level 1 of the Lair of Beasts.
You visited 3 branches of the dungeon, and saw 12 of its levels.
You also visited: Ossuary and Volcano.

You collected 694 gold pieces.
You spent 36 gold pieces at shops.

Inventory:

Hand Weapons
 a - a +0 war axe (weapon)
 w - the +6 dagger of Makhleb, Holding {vorpal, rElec rN+}
   (You found it on level 4 of the Dungeon)

   It inflicts extra damage upon your enemies.
   rElec:     It insulates you from electricity.
   rN:        It protects you from negative energy.
Missiles
 i - 32 stones
 m - 29 poisoned darts (quivered)
 p - a throwing net {=f=F}
Armour
 d - +1 acid dragon scales (worn)
 j - a +0 scale mail
 k - a +0 pair of boots (worn)
 s - a +0 pair of gloves (worn)
 t - the +0 ring mail "Yzxag" {Int+7 Dex-2}
   (You found it on level 4 of the Dungeon)

   Int:       It affects your intelligence (+7).
   Dex:       It affects your dexterity (-2).
 x - a +0 helmet (worn)
 H - a +0 kite shield (worn)
Jewellery
 c - a +4 ring of protection
 r - the ring "Naera" (left hand) {SInv Stlth+}
   (You found it on level 3 of the Dungeon)

   [ring of see invisible]

   SInv:      It lets you see invisible.
   Stlth:     It makes you more stealthy.
 u - a +4 ring of protection (right hand)
 B - a ring of positive energy
 E - an amulet of magic regeneration (around neck)
Wands
 C - a wand of flame (24)
 F - a wand of iceblast (8)
Scrolls
 f - 2 scrolls of vulnerability
 g - 4 scrolls of immolation
 h - 2 scrolls of identify {@r1}
 n - 5 scrolls of teleportation {@r2}
 o - a scroll of amnesia
 y - 2 scrolls of poison
Potions
 e - 5 potions of mutation
 q - 4 potions of cancellation
 v - a potion of brilliance
 A - a potion of haste
 D - a potion of attraction
 G - a potion of flight {unknown}


   Skills:
 + Level 10.9 Fighting
 * Level 12.7 Axes
 - Level 2.6 Armour
 - Level 3.0 Shields


You had 10 spell levels left.
You didn't know any spells.
Your spell library contained the following spells:

 Spells                   Type           Power      Damage    Failure   Level
 Static Discharge         Conj/Air       0%         3-3/arc   91%         2
 Sublimation of Blood     Necr           0%         N/A       91%         2
 Ozocubu's Armour         Ice            0%         N/A       99%         3
 Cause Fear               Hex            0%         N/A       100%        4
 Dispel Undead            Necr           0%         3d6       100%        4
 Petrify                  Tmut/Erth      0%         N/A       100%        4
 Sticky Flame             Conj/Fire      0%         2d3       100%        4
 Irradiate                Conj/Tmut      0%         3d11      100%        5
 Metabolic Englaciation   Hex/Ice        0%         N/A       100%        5
 Simulacrum               Ice/Necr       0%         N/A       100%        6
 Dragon Form              Tmut           0%         N/A       100%        7
 Dragon's Call            Summ           0%         N/A       100%        9


Dungeon Overview and Level Annotations

Branches:
Dungeon (10/15)            Temple (1/1) D:7            Lair (1/5) D:9
    Orc (0/2) D:9         Ossuary (visited)         Volcano (visited)

Shops:
D:5 (

Annotations:
D:5 Gnoll Sergeant with a Spear of Venom and Kite Shield!
D:10 Sonja


Innate Abilities, Weirdness & Mutations

You have an increased reservoir of magic. (+10% MP)
You shall have no god before yourself.
Your divine heritage dramatically boosts your attributes as you level up.


Message History

You block the fire elemental's attack. x2
You hit the earth elemental.
The earth elemental is lightly damaged.
You hit the stone giant. You barely miss the fire elemental.
Your surroundings suddenly seem different.
You start resting.
A fire elemental is nearby!
A fire elemental is nearby!
An efreet comes into view.
It is wielding a +4 scimitar of flaming.
As you read the scroll of teleportation {@r2}, it crumbles to dust.
You feel strangely unstable. The efreet gestures at you.
The fireball explodes!
The fireball engulfs you!
* * * LOW HITPOINT WARNING * * *
HP: 23/101 (-7) ==---------- Your surroundings suddenly seem different.
Found a radiant altar of Vehumet.
You block the fire elemental's attack.
There is a rocky tunnel leading out of this place here.
The fire elemental hits you. The fire elemental burns you!
* * * LOW HITPOINT WARNING * * *
The fire elemental hits you. The fire elemental burns you!
* * * LOW HITPOINT WARNING * * *
Welcome back to the Lair of Beasts!
There is a collapsed entrance here.
HP: 5/101 (-18) ------------ !
You hit the fire elemental.
The fire elemental is lightly damaged.
The fire elemental hits you. The fire elemental burns you!
* * * LOW HITPOINT WARNING * * *
HP: 1/101 (-4) ------------
Okay, then.
It was a potion of haste.
You feel yourself speed up. The fire elemental barely misses you.
You slash the fire elemental!
The fire elemental is heavily damaged.
You block the fire elemental's attack.
It was a potion of attraction.
You feel attractive to monsters. The fire elemental hits you.
The fire elemental burns you!
You die...

,,,,.........,....................,
,,,,........#**#####...###.#..#...,
**,*#.......########...#*..#.##,..,
****#.......†.....#....#,....#*,,.,
,,,*#.......###........#*....#*,,,,
,,,*#.........##..##...#......,,,,,
,,,*#..........#####....#,....#,,,,
,,,,#.......#....###...##,,,,**,,,,
****#........#..E@##....#*,*,**,,,,
*,**#........###.###...##*,,***,,,,
,,,,.........,,### #....,,,,,,,,,,,
**,,####.#####** #####.**,*******
**** ##* ******


You could see a fire elemental.

Vanquished Creatures
  2 gargoyles (Volcano)
  Maggie (D:8)
  2 kobold demonologists (D:9)
  2 trolls (D:9)
  3 polar bears (D:9)
  A hornet (D:7)
  16 yaks
  6 fire bats (Volcano)
  A basilisk (Lair:1)
  A steam dragon (D:7)
  3 wargs (D:9)
  2 water moccasins
  A sky beast (D:8)
  5 ice beasts
  2 orc warriors
  A black bear (D:8)
  3 ogres
  A wolf (D:9)
  3 bullfrogs
  A gnoll sergeant (D:5)
  A necrophage (D:6)
  4 kobold brigands
  A scorpion (D:5)
  5 wights (D:7)
  6 killer bees (D:9)
  6 howler monkeys
  5 lava snakes (Volcano)
  A jelly (D:7)
  6 orc priests
  2 gnoll boudas
  3 iguanas
  7 orc wizards
  3 mummies (Ossuary)
  16 gnolls
  8 adders
  3 white imps
  A howler monkey simulacrum (D:9)
  2 ufetubi
  3 adder zombies (Ossuary)
  A worm (D:2)
  3 dart slugs
  27 orcs
  7 endoplasms
  4 giant cockroaches
  A gnoll zombie (Ossuary)
  4 goblins
  A hobgoblin (D:4)
  6 jackals
  2 quokkas
  9 ball pythons
  4 bats
  2 frilled lizards
  2 goblin zombies (Ossuary)
  3 hobgoblin zombies (Ossuary)
  23 kobolds
  2 kobold zombies (Ossuary)
  3 quokka zombies (Ossuary)
  3 rats
  4 rat zombies (Ossuary)
251 creatures vanquished.

Vanquished Creatures (others)
  4 plants
4 creatures vanquished.

Grand Total: 255 creatures vanquished

Notes
Turn   | Place    | Note
-------+----------+-------------------------------------------
     0 | D:1      | CannotBeFrozen the Demigod Fighter began the quest for the
                  | Orb.
     0 | D:1      | Reached XP level 1. HP: 18/18 MP: 3/3
   119 | D:1      | Reached skill level 2 in Axes
   459 | D:1      | Reached XP level 2. HP: 20/25 MP: 4/4
  1098 | D:2      | Reached XP level 3. HP: 17/31 MP: 5/5
  2296 | D:3      | Reached XP level 4. HP: 40/40 MP: 6/6
  2312 | D:3      | Identified the ring "Naera" {SInv Stlth+}
  2889 | D:4      | Identified the +0 ring mail "Yzxag" {Int+7 Dex-2}
  2896 | D:4      | Noticed a water moccasin
  2913 | D:4      | Killed a water moccasin
  2914 | D:4      | Reached skill level 3 in Axes
  2914 | D:4      | Reached XP level 5. HP: 24/47 MP: 7/7
  3017 | D:4      | Found a sand-covered staircase.
  3152 | Ossuary  | Entered an ossuary
  3831 | D:4      | Reached skill level 4 in Axes
  4052 | D:4      | Reached XP level 6. HP: 53/55 MP: 8/8
  4074 | D:4      | Reached skill level 5 in Fighting
  4233 | D:4      | Identified the +6 dagger of Makhleb, Holding {vorpal, rElec
                  | rN+}
  4601 | D:5      | Entered Level 5 of the Dungeon
  6054 | D:5      | Found Waywarr's Weapon Emporium.
  6066 | D:5      | Bought a throwing net for 36 gold pieces
  6091 | D:5      | Reached skill level 5 in Axes
  6449 | D:6      | Reached XP level 7. HP: 62/62 MP: 9/9
  7366 | D:6      | Reached skill level 6 in Axes
  8442 | D:7      | Reached XP level 8. HP: 67/73 MP: 10/10
  8760 | D:7      | Found a staircase to the Ecumenical Temple.
  8798 | D:7      | Noticed a hornet
  8810 | D:7      | Killed a hornet
  8811 | D:7      | Reached skill level 7 in Axes
  9107 | Temple   | Entered the Ecumenical Temple
  9473 | D:7      | You fall into a shaft and drop 2 floors!
  9968 | D:7      | Reached skill level 8 in Axes
 10248 | D:7      | Reached XP level 9. HP: 77/82 MP: 11/11
 10514 | D:8      | Noticed Maggie
 10557 | D:8      | Killed Maggie
 10779 | D:8      | Reached skill level 9 in Axes
 12513 | D:5      | Found Waywarr's Weapon Emporium.
 12667 | D:9      | Noticed a kobold demonologist
 12680 | D:9      | Noticed a kobold demonologist
 12684 | D:9      | Killed a kobold demonologist
 12780 | D:9      | Noticed a soul eater
 12792 | D:9      | Noticed an orange demon
 12795 | D:9      | Noticed a rust devil
 12797 | D:9      | Killed a kobold demonologist
 13072 | D:9      | Reached skill level 10 in Axes
 13889 | D:9      | Reached XP level 10. HP: 58/91 MP: 13/13
 14341 | D:9      | Found a staircase to the Lair.
 14351 | D:9      | Reached skill level 11 in Axes
 14371 | D:9      | Reached skill level 10 in Fighting
 15407 | D:9      | Found a staircase to the Orcish Mines.
 15860 | D:10     | Entered Level 10 of the Dungeon
 16119 | D:10     | Noticed Sonja
 16157 | Lair:1   | Entered Level 1 of the Lair of Beasts
 16235 | Lair:1   | Reached skill level 12 in Axes
 16305 | Lair:1   | Found a dark tunnel.
 16509 | Volcano  | Entered a volcano
 16841 | Volcano  | Reached XP level 11. HP: 76/101 MP: 14/14
 17327 | Volcano  | Noticed a stone giant
 17374 | Volcano  | HP: 5/101 [fire elemental (10)]
 17376 | Lair:1   | HP: 1/101 [fire elemental (4)]
 17379 | Lair:1   | Mangled by a fire elemental

Illustrated notes

Levels and vault maps discovered:
D:1:      erik_arrival_orb_chamber, layout_loops_ring
D:2:      layout_loops_cross, basic_altar
D:3:      layout_basic, lemuel_coloured_pillars_altar,
          mainiacjoe_overflow_small_starburst, grunt_qazlal_clouds,
          nicolae_gozag_cash_rules_everything_around_me
D:4:      layout_cave_pools, mainiacjoe_overflow_brackets, enter_ossuary_2
D:5:      layout_loops_corners, serial_shops, nicolae_shop_bloodbath_and_beyond
D:6:      layout_basic, serial_rivers, chequers_serial_rivers_marsh,
          chequers_serial_rivers_small_3, chequers_serial_rivers_large_a,
          chequers_serial_rivers_micro_b, chequers_serial_rivers_room_b
D:7:      layout_cave_pools, mainiacjoe_overflow_boulevard, temple_statues,
          minmay_misc_feat_more_columns
D:8:      layout_rooms, overflow_temple_1_default, uniq_maggie
D:9:      layout_grid_maze, nicolae_elyvilon_peaceful_grove,
          erik_lair_orcish_takeover, orc_0_dummy, serial_ice, serial_ice_k,
          serial_ice_d, serial_ice_b, serial_ice_m, serial_ice_g, serial_ice_c
D:10:     layout_loops_ring, nicolae_ru_awakened_eye, grunt_ministairs_2,
          minivault_1, chequers_serial_rivers_micro_e, st_stairs_8,
          serial_park_tiny_pond, kennysheep_generic_room_6, uniq_sonja
Temple:   cyrus_circular_temple
Lair:1:   layout_regular_city, enter_volcano_2, lemuel_centaur_altar,
          uniq_fannar

Skill      XL: |  1  2  3  4  5  6  7  8  9 10 |
---------------+-------------------------------+-----
Axes           | 2 3 4 5 6 8 10 12 | 12.7
Fighting       | 3 4 5 7 8 9 10 | 10.9
Shields        | 3 |  3.0
Armour         | |  2.6

Action                   |  1- 3 |  4- 6 |  7- 9 | 10-12 || total
-------------------------+-------+-------+-------+-------++-------
Melee: War axe           |    19 |   126 |   391 |   240 ||   776
       Whip              |   110 |    55 |    19 |       ||   184
Throw: Stone             |     2 |       |     7 |       ||     9
       Dart              |       |    16 |       |     7 ||    23
       Boomerang         |       |       |     6 |       ||     6
Evoke: Wand              |       |       |     3 |     3 ||     6
  Use: Potion            |       |     2 |     5 |     3 ||    10
       Scroll            |       |    12 |     6 |     4 ||    22
 Stab: Invisible         |       |       |     5 |       ||     5
Armor: Scale mail        |    58 |    88 |   161 |       ||   307
       Acid dragon scale |       |       |    89 |   166 ||   255
Dodge: Dodged            |    45 |    96 |   187 |   142 ||   470
Block: Buckler           |    31 |    53 |    63 |       ||   147
       Kite shield       |       |       |    58 |   128 ||   186

Table legend: (Time is in decaauts)
 A = Elapsed time spent in this place.
 B = Non-inter-level travel time spent in this place.
 C = Inter-level travel time spent in this place.
 D = Time resting spent in this place.
 E = Time spent auto-exploring this place.
 F = Levels seen in this place.
 G = Mean time per level.
                   A        B        C        D        E       F      G
               +--------+--------+--------+--------+--------+-----+--------+
         Total |  17571 |  16880 |    691 |   6958 |   6739 |  14 | 1255.1 |
       Dungeon |  15690 |  14999 |    691 |   5691 |   6671 |  10 | 1569.0 |
        Temple |    238 |    238 |      0 |    234 |      0 |   1 |  238.0 |
          Lair |    360 |    360 |      0 |    208 |      0 |   1 |  360.0 |
       Ossuary |    413 |    413 |      0 |    183 |     68 |   1 |  413.0 |
       Volcano |    868 |    868 |      0 |    642 |      0 |   1 |  868.0 |
               +--------+--------+--------+--------+--------+-----+--------+

Top non-repeatable levels by time:
     D:9: 3481 daAuts
     D:5: 2716 daAuts
     D:6: 1854 daAuts
     D:7: 1539 daAuts
     D:4: 1394 daAuts
     D:8: 1280 daAuts
     D:3: 1104 daAuts
     D:2: 1070 daAuts
     D:1: 1068 daAuts
 Volcano: 868 daAuts
 Ossuary: 413 daAuts
  Lair:1: 360 daAuts
  Temple: 238 daAuts
    D:10: 180 daAuts
